 Dungeon Crawl Stone Soup version 0.28-a0-425-gd0eccab798 (webtiles) character file.

Game seed: 10585576905091799102

102 frimble the Cutter (level 4, -1/29 HPs)
             Began as an Octopode Warper on Sept 10, 2021.
             Slain by an orc (2 damage)
             ... on level 2 of the Dungeon.
             The game lasted 00:02:23 (3037 turns).

frimble the Cutter (Octopode Warper)                Turns: 3037, Time: 00:02:24

Health: -1/29      AC:  1    Str: 10    XL:     4   Next: 77%
Magic:  7/7        EV: 13    Int: 16    God:
Gold:   212        SH:  0    Dex: 11    Spells: 4/7 levels left

rFire   . . .      SeeInvis .   a - +0 short sword
rCold   . . .      Faith    .   (no shield)
rNeg    . . .      Spirit   .   (helmet restricted)
rPois   .          Reflect  .   (no amulet)
rElec   .          Harm     .   f - ring of willpower
rCorr   .          Rampage  .   (no ring)
Will    +....                   (no ring)
Stlth   +++.......              (no ring)
HPRegen 0.09/turn               (no ring)
MPRegen 0.10/turn               (no ring)
                                (no ring)
                                (no ring)

@: no status effects
A: almost no armour, amphibious, 8 rings, camouflage 1, gelatinous body 1,
(nimble swimmer 1), tentacles
a: no special abilities


You were on level 2 of the Dungeon.
You visited 1 branch of the dungeon, and saw 3 of its levels.

You collected 212 gold pieces.

Inventory:

Hand Weapons
 a - a +0 short sword (weapon)
Missiles
 c - 5 boomerangs of dispersal
 e - 10 poisoned darts (quivered)
Jewellery
 f - a ring of willpower (left tentacle)
Scrolls
 b - 4 scrolls of blinking
 i - a scroll of magic mapping {unknown}
 j - a scroll of teleportation {unknown}
Potions
 g - a potion of cancellation
 h - a potion of might
 k - a potion of haste {unknown}


   Skills:
 - Level 2.0 Fighting
 * Level 4.0 Short Blades
 + Level 1.0 Throwing
 - Level 2.3 Dodging
 + Level 3.3 Stealth
 - Level 2.0 Spellcasting
 - Level 3.0 Translocations


You had 4 spell levels left.
You knew the following spells:

 Your Spells              Type           Power      Damage    Failure   Level
a - Blink                 Tloc           N/A        N/A       9%          2
b - Apportation           Tloc           22%        N/A       6%          1

Your spell library contained the following spells:

 Spells                   Type           Power      Damage    Failure   Level
 Gell's Gravitas          Tloc           5%         N/A       19%         3
 Lesser Beckoning         Tloc           11%        N/A       19%         3
 Teleport Other           Tloc           11%        N/A       19%         3
 Animate Skeleton         Necr           2%         N/A       21%         1
 Summon Small Mammal      Summ           4%         N/A       21%         1
 Manifold Assault         Tloc           11%        N/A       86%         5


Dungeon Overview and Level Annotations

Branches:
Dungeon (3/15)

Altars:
Cheibriados


Innate Abilities, Weirdness & Mutations

You cannot wear most types of armour.
You are amphibious.
You can wear up to eight rings at the same time.
Your skin changes colour to match your surroundings (Stealth+).
Your rubbery body absorbs attacks. (AC +1, EV +1)
((You are camouflaged near water. (Stealth+)))
You have tentacles for arms and can constrict up to eight enemies at once.


Message History

You kill the bat!
You see here a rat corpse.
Throw: 13 darts (poison)
Press: ? - help, Q - select action, (/) - cycle Shift-Dir - straight line, f - orc
Aim: an orc, wielding a +1 vorpal mace and wearing a +0 scale mail (60% to hit)
You throw a poisoned dart.
The poisoned dart barely misses the orc.
Throw: 12 darts (poison)
Press: ? - help, Q - select action, (/) - cycle Shift-Dir - straight line, f/p - orc
Aim: an orc, wielding a +1 vorpal mace and wearing a +0 scale mail (60% to hit)
You throw a poisoned dart.
The poisoned dart closely misses the orc.
Throw: 11 darts (poison)
Press: ? - help, Q - select action, (/) - cycle Shift-Dir - straight line, f/p - orc
Aim: an orc, wielding a +1 vorpal mace and wearing a +0 scale mail (60% to hit)
You throw a poisoned dart. The poisoned dart hits the orc.
There is a stone staircase leading up here.
The orc hits you with a +1 vorpal mace!
You climb upwards.
There is a stone staircase leading down here.
You hit the orc but do no damage. You grab the orc.
You constrict the orc, but do no damage.
The orc closely misses you.
You hit the orc but do no damage. You constrict the orc.
The orc hits you with a +1 vorpal mace.
You completely miss the orc.
The orc is lightly wounded.
You constrict the orc. The orc completely misses you.
You hit the orc but do no damage.
The orc is lightly wounded.
You constrict the orc, but do no damage.
The orc misses you.
You hit the orc but do no damage.
The orc is lightly wounded.
You constrict the orc, but do no damage.
You hit the orc.
The orc is heavily wounded.
You constrict the orc. The orc hits you with a +1 vorpal mace!
* * * LOW HITPOINT WARNING * * *
You die...

.####...#..#..# ##...##..
...)....##...## ########
#.##.....##.##
#..##....#...#
##.##....##.## #........#.#
###.)....#.# ###
##....##.###### ###.#
##.#........@##########...#
##.#########o...........###
##..# ##############
###..## ##...## ...### ####


You could see an orc.

Vanquished Creatures
  A gnoll (D:1)
  3 adders (D:2)
  2 dart slugs (D:1)
  2 orcs (D:3)
  3 ball pythons
  5 bats
  5 endoplasms
  2 giant cockroaches
  5 goblins
  4 hobgoblins
  7 jackals (D:1)
  4 quokkas
  3 frilled lizards
  2 kobolds
  5 rats
53 creatures vanquished.

Vanquished Creatures (others)
  3 fungi (D:2)
  5 toadstools (D:2)
8 creatures vanquished.

Grand Total: 61 creatures vanquished

Notes
Turn   | Place    | Note
-------+----------+-------------------------------------------
     0 | D:1      | frimble the Octopode Warper began the quest for the Orb.
     0 | D:1      | Reached XP level 1. HP: 14/14 MP: 3/3
   127 | D:1      | Reached skill level 1 in Stealth
   135 | D:1      | Reached XP level 2. HP: 3/19 MP: 5/5
   722 | D:1      | Reached skill level 3 in Short Blades
   722 | D:1      | Reached XP level 3. HP: 18/24 MP: 6/6
   895 | D:1      | Learned a level 2 spell: Blink
  1216 | D:1      | Found a faded altar of an unknown god.
  1963 | D:2      | Reached XP level 4. HP: 23/29 MP: 7/7
  2033 | D:2      | Learned a level 1 spell: Apportation
  2485 | D:2      | Found a snail-covered altar of Cheibriados.
  2825 | D:3      | Reached skill level 4 in Short Blades
  3037 | D:2      | HP: 1/29 [orc (8)]
  3037 | D:2      | Slain by an orc

Illustrated notes

Levels and vault maps discovered:
D:1:      amcnicky_arrival_underground_garden, layout_basic,
          shapermc_ecumenical_altar_ellora, minmay_box_of_dots
D:2:      minmay_spotlight, layout_rooms, basic_altar, mrwooster_statue_mirror,
          minmay_gold_behind_fungi
D:3:      gammafunk_wand_slinger, layout_basic, hangedman_decor_riveting,
          chequers_decorated_corner, st_stairs_10, kennysheep_generic_room_4

Skill      XL: |  1  2  3  4 |
---------------+-------------+-----
Stealth        | 1 2 3 |  3.3
Short Blades   | 3 4 |  4.0
Fighting       | |  2.0
Throwing       | |  1.0
Dodging        | |  2.3
Spellcasting   | |  2.0
Translocations | |  3.0

Action                   |  1- 3 |  4- 6 || total
-------------------------+-------+-------++-------
Melee: Short sword       |    79 |    44 ||   123
       Tentacles         |    16 |     6 ||    22
       Constrict         |    22 |     6 ||    28
Throw: Dart              |       |     3 ||     3
  Use: Scroll            |     1 |     2 ||     3
 Stab: Sleeping          |     6 |     7 ||    13
Armor: Skin              |     3 |     3 ||     6
Dodge: Dodged            |    52 |    28 ||    80

Table legend: (Time is in decaauts)
 A = Elapsed time spent in this place.
 B = Non-inter-level travel time spent in this place.
 C = Inter-level travel time spent in this place.
 D = Time resting spent in this place.
 E = Time spent auto-exploring this place.
 F = Levels seen in this place.
 G = Mean time per level.
                   A        B        C        D        E       F      G
               +--------+--------+--------+--------+--------+-----+--------+
         Total |   3029 |   2927 |    102 |      0 |   2562 |   3 | 1009.7 |
       Dungeon |   3029 |   2927 |    102 |      0 |   2562 |   3 | 1009.7 |
               +--------+--------+--------+--------+--------+-----+--------+

Top non-repeatable levels by time:
     D:1: 1842 daAuts
     D:2: 971 daAuts
     D:3: 215 daAuts
